 Dungeon Crawl Stone Soup version 0.17-a0-1504-gb7d9117 (webtiles) character file.

58 patman the Conjurer (level 4, 21/25 HPs)
             Began as a Tengu Wanderer on July 9, 2015.
             Quit the game on level 2 of the Dungeon.
             The game lasted 00:04:56 (1349 turns).

patman the Conjurer (Tengu Wanderer)                Turns: 1349, Time: 00:04:56

Health: 21/25      AC:  5    Str: 15    XL:     4   Next: 1%
Magic:  6/6        EV: 10    Int: 13    God:
Gold:   38         SH:  0    Dex: 13    Spells: 1 memorised, 4 levels left

rFire  . . .     SeeInvis .     j - +0 spear
rCold  . . .     Clarity  .     c - +0 ring mail
rNeg   . . .     SustAt   .     (no shield)
rPois  .         Gourm    .     (helmet restricted)
rElec  .         Spirit   .     (no cloak)
rCorr  .         Warding  .     (no gloves)
rMut   .         Stasis   .     (boots unavailable)
MR     .....                    (no amulet)
Stlth  +.........               (no ring)
                                f - +2 ring of strength

@: not resistant to hostile enchantments, very unstealthy
A: beak, talons 3
a: no special abilities


You were on level 2 of the Dungeon.
You were not hungry.

You visited 1 branch of the dungeon, and saw 2 of its levels.

You collected 38 gold pieces.

Inventory:

Hand weapons
 d - a +0 club
 h - a -1 dagger
 j - a +0 spear (weapon)
Armour
 c - a +0 ring mail (worn)
Jewellery
 f - a +2 ring of strength (left hand)
Magical devices
 o - a wand of confusion (22)
Scrolls
 g - 3 scrolls of remove curse
 i - a scroll of blinking
 k - a scroll of teleportation {unknown}
 l - a scroll of fear {unknown}
Potions
 m - a potion of magic
Books
 a - a book of Air

   Spells                             Type                      Level
   a - Shock                          Conjuration/Air              1
   b - Swiftness                      Charms/Air                   2
   c - Repel Missiles                 Charms/Air                   2
   d - Static Discharge               Conjuration/Air              3
   e - Lightning Bolt                 Conjuration/Air              5
 b - the Reference Book on Snow

   Spells                             Type                      Level
   a - Freeze                         Ice                          1
   b - Throw Frost                    Conjuration/Ice              2
Comestibles
 n - 4 chunks of flesh


   Skills:
 - Level 1.0 Fighting
   Level 2.1 Bows
 - Level 2.1 Armour
   Level 1.0 Shields
 - Level 1.0 Spellcasting
 * Level 3.4 Conjurations
   Level 1.0 Translocations
 * Level 3.2 Air Magic
 - Level 1.0 Evocations


You had 4 spell levels left.
You knew the following spells:

 Your Spells              Type           Power        Failure   Level  Hunger
a - Shock                 Conj/Air       #...         14%         1    ##.....


Dungeon Overview and Level Annotations

Branches:
Dungeon (2/15)

Altars:


Innate Abilities, Weirdness & Mutations

You have a beak for a mouth.
You have claws for feet.


Message History

No target in view!
A rat and a goblin come into view.
There are monsters nearby!
There are monsters nearby!
You hit the rat. You peck the rat.
You kill the rat!
You hit the goblin. Your kick misses the goblin.
The goblin is severely wounded.
The goblin barely misses you.
You hit the goblin.
You kill the goblin!
You have reached level 4!
You feel clever.
Save game and exit?
Welcome back, patman the Tengu Wanderer.
Press ? for a list of commands and other information.
Save game and exit?
Welcome back, patman the Tengu Wanderer.
Press ? for a list of commands and other information.
Are you sure you want to abandon this character and quit the game? (Confirm with "yes".)

...((..####...
...............# .#
...(.....##..... .#
#.#..#.#........ .#
#...............#.##
#...##.#...........
#........)........#
..#>.#.##.......).######
................@.......
###..............†......
###..#...........#######
.....#...........#
##...#..######..###
..................#
.............#..#.#
.....#.#######..#.#
##.#.#.# #..#.#


There were no monsters in sight!

Vanquished Creatures
  Jessica (D:2)
  2 oozes (D:2)
  A giant gecko (D:1)
  A ball python (D:1)
  4 hobgoblins
  4 bats (D:1)
  3 giant cockroaches (D:1)
  2 goblins
  5 kobolds
  A rat (D:2)
24 creatures vanquished.

Notes
Turn   | Place    | Note
--------------------------------------------------------------
     0 | D:1      | patman the Tengu Wanderer began the quest for the Orb.
     0 | D:1      | patman set off with: a book of Air, the Reference Book on Snow, a +0 ring mail, a +0 club, a bread ration
     0 | D:1      | Reached XP level 1. HP: 12/12 MP: 3/3
     0 | D:1      | Identified the Reference Book on Snow
     2 | D:1      | Learned a level 1 spell: Shock
   164 | D:1      | Reached skill level 1 in Conjurations
   350 | D:1      | Reached XP level 2. HP: 12/16 MP: 4/4
  1249 | D:2      | Noticed Jessica
  1260 | D:2      | Killed Jessica
  1260 | D:2      | Reached skill level 3 in Conjurations
  1260 | D:2      | Reached XP level 3. HP: 18/20 MP: 5/5
  1348 | D:2      | Reached XP level 4. HP: 21/25 MP: 6/6
  1349 | D:2      | Quit the game

Vault maps used:
D:1:      minmay_arrival_plants_in_alcoves
D:2:      first_bread, minmay_misc_feat_five, uniq_jessica

Action                   |  1- 3 |  4- 6 || total
-------------------------+-------+-------++-------
Melee: Club              |    26 |       ||    26
       Dagger            |    50 |       ||    50
       Spear             |    32 |       ||    32
 Cast: Shock             |     2 |       ||     2
  Use: Scroll            |     3 |       ||     3
  Eat: Chunk             |     1 |       ||     1
       Bread ration      |     1 |       ||     1
